AoeStats
← Emperor_Napoleon

Nomad

510326578Analyzed
4v4 RM · 3d ago on Sep 30, 2026· 29m 39s· 8 players
Game mode
Random Map
Map size
231×231
Population
200
Speed
Normal
Resources
Standard
Victory
Conquest
Starting age
Dark Age
Ending age
Imperial Age
RankedLock teamsTeams togetherTeam positionsShared explorationLock speedFull tech treeHidden civsTurbo modeCheats
Victory
Defeat
🇦🇺 Italians · Australia
1674
+18
🇨🇳 Persians · China
1643
+19
🇭🇷 Khitans · Croatia
1629
+20
🇹🇷 Wei · Türkiye
1601
+21
🇵🇪 Saxons · Peru
1741
-20
🇦🇷 Bohemians · Argentina
1722
-20
🇨🇳 Tatars · China
1714
-20
🇪🇸 Maya · Spain
1677
-18
noru
4:45 Loom
19:34 Feudal Age
23:17 Castle Age
21:04 Double-Bit Axe
24:33 Horse Collar
26:50 Wheelbarrow
26:16 Heavy Plow
27:57 Bow Saw
28:10 Stone Mining
Tdb.Ricardo90
3:53 Loom
12:25 Feudal Age
17:47 Castle Age
16:09 Fletching
18:28 Bodkin Arrow
19:48 Gold Mining
19:44 Double-Bit Axe
21:20 Ballistics
21:03 Padded Archer Armor
26:47 Bow Saw
28:04 Leather Archer Armor
Franco Guanajuato
5:06 Loom
13:33 Feudal Age
17:53 Castle Age
20:37 Double-Bit Axe
21:23 Fervor
24:45 Sanctity
25:54 Redemption
26:06 Horse Collar
28:02 Fletching
Emperor_Napoleon
4:33 Loom
15:41 Feudal Age
16:05 Double-Bit Axe
19:27 Fletching
29:22 Castle Age
27:40 Gold Mining
28:31 Bloodlines
28:23 Padded Archer Armor
Jimmy
3:54 Loom
21:06 Feudal Age
25:19 Castle Age
23:40 Double-Bit Axe
23:37 Fishing Lines
24:32 Forging
25:49 Scale Barding Armor
27:16 Iron Casting
27:52 Husbandry
ResonanceFreq
4:51 Loom
11:22 Feudal Age
12:59 Double-Bit Axe
17:04 Town Watch
21:11 Castle Age
18:53 Horse Collar
21:04 Fletching
21:18 Padded Archer Armor
21:21 Gold Mining
21:13 Crossbowman
21:50 Bodkin Arrow
22:17 Bow Saw
22:34 Fishing Lines
24:44 Wheelbarrow
24:58 Leather Archer Armor
26:16 Ballistics
26:37 Thumb Ring
28:44 Hand Cart
月月
4:57 Loom
17:20 Feudal Age
17:37 Double-Bit Axe
21:10 Wheelbarrow
21:52 Fletching
22:05 Fishing Lines
23:27 Town Watch
23:43 Padded Archer Armor
29:38 Gold Mining
Çıkmaz Sokak
10:53 Loom
13:45 Feudal Age
14:24 Gold Mining
18:51 Castle Age
16:39 Double-Bit Axe
17:26 Fishing Lines
18:43 Stone Mining
18:35 Horse Collar
19:24 Gillnets
19:25 Fletching
20:26 Bow Saw
20:55 Wheelbarrow
21:51 Stone Shaft Mining
23:45 Heavy Plow
27:01 Gold Shaft Mining
28:12 Bodkin Arrow
30:00 Scale Barding Armor
Connection lost

Rejoining the realm…

Still unreachable

The connection could not be restored.

Session expired

The server has moved on; the page needs a fresh start.